Map: Central Protocol

Players

Miltreta

  • Race: Terran Terran

A.I. 1 (Hard) - Winner!

  • Race: Zerg Zerg

VOD

Have the link to the VOD?

Description

Time

  • Played on: March 8, 2016, 6:07 a.m.
  • Length: 15:18
Show
View Real Time Build Order
Export as new Build Order

Miltreta Terran 

Build Orders: MMM Bio 

Get SALT Encoding   

  12  0:02  SCV  
  13  0:14  SCV  
  14  0:24  Supply Depot  
  14  0:28  SCV  
  15  0:46  SCV, Refinery  
  16  0:52  Barracks  
  16  1:00  Supply Depot  
  16  1:01  SCV  
  17  1:15  SCV  
  18  1:26  Barracks  
  18  1:31  SCV, Refinery  
  19  1:43  SCV  
  19  1:45  Reaper  
  21  2:00  SCV  
  22  2:12  SCV  
  23  2:17  Supply Depot  
  23  2:19  Reaper  
  23  2:22  Barracks Tech Lab  
  24  2:24  SCV  
  25  2:41  Orbital Command  
  25  2:51  Reaper  
  25  2:55  Command Center  
  26  3:09  Marauder  
  26  3:10  Combat Shields  
  28  3:23  Reaper  
  29  3:30  Marauder  
  31  4:04  Marine  
  31  4:05  Marine  
  33  4:22  Marine x2, SCV  
  36  4:29  Concussive Shells  
  36  4:34  SCV  
  36  4:36  Refinery  
  37  4:39  Refinery  
  37  4:40  Marine x2  
  39  4:46  SCV  
  39  4:51  Engineering Bay  
  40  4:58  Marine, SCV  
  43  5:01  Supply Depot  
  43  5:04  Barracks Reactor  
  42  5:10  SCV  
  42  5:12  Stimpack  
  43  5:16  Factory  
  43  5:18  Ghost Academy  
  43  5:27  Sensor Tower  
  43  5:34  Supply Depot  
  43  5:39  Planetary Fortress  
  43  5:41  Supply Depot  
  43  5:43  SCV  
  43  5:48  Marine x2  
  46  5:51  Personal Cloaking  
  46  5:54  Terran Infantry Weapons Level 1  
  46  5:55  SCV  
  47  6:05  Marine  
  47  6:06  Marine  
  47  6:07  SCV  
  50  6:20  SCV  
  50  6:23  Marine x2  
  53  6:28  Supply Depot  
  53  6:32  SCV  
  54  6:34  Hellion  
  56  6:41  Marine x2  
  58  6:55  Starport  
  58  6:56  Hellion  
  60  7:17  Hellion  
  62  7:26  Command Center  
  62  7:29  Command Center  
  62  7:37  Medivac  
  62  7:38  Hellion  
  66  8:00  Hellion  
  68  8:07  Medivac  
  68  8:12  Factory  
  70  8:24  Factory Reactor  
  70  8:37  Medivac  
  68  8:58  Missile Turret  
  70  9:28  Bunker  
  70  9:29  Medivac  
  70  9:32  Missile Turret  
  70  9:37  Missile Turret  
  68  9:59  Medivac  
  70  10:50  Viking  
  70  10:52  Factory Tech Lab  
  70  10:54  Hellion x2  
  76  11:06  Marauder  
  76  11:10  Marine x2  
  80  11:15  Hellion  
  80  11:16  Hellion  
  84  11:20  Viking  
  86  11:27  Marauder  
  86  11:28  Marine x2  
  90  11:36  SCV  
  90  11:37  Hellion  
  93  11:43  Supply Depot  
  93  11:46  Marine x2  
  95  11:48  SCV, Marauder  
  98  12:00  SCV  
  99  12:03  Marine  
  99  12:04  Marine  
  101  12:10  Marauder  
  101  12:13  SCV  
  104  12:25  SCV  
  104  12:29  Barracks  
  105  12:31  Marauder  
  107  13:01  Marauder  
  109  13:31  Supply Depot  
  109  13:34  Command Center  
  109  13:35  Supply Depot  
  109  13:40  Supply Depot  
  108  13:42  Marauder  
  69  14:03  Marauder  
  33  14:25  Marauder  
Show
View Real Time Build Order
Export as new Build Order

A.I. 1 (Hard) Zerg - Winner!

Build Orders: Hatch First 

Get SALT Encoding   

  12  0:00  Drone  
  13  0:12  Overlord  
  13  0:17  Drone  
  14  0:30  Drone  
  14  0:31  Drone  
  14  0:34  Drone  
  17  0:56  Hatchery, Drone  
  17  1:10  Spawning Pool  
  16  1:11  Drone  
  16  1:15  Drone  
  16  1:18  Extractor  
  17  1:20  Drone  
  18  1:27  Overlord  
  18  1:38  Drone  
  19  1:58  Queen  
  19  1:59  Zergling x4  
  23  2:02  Roach Warren  
  23  2:07  Drone  
  23  2:10  Extractor  
  23  2:12  Baneling Nest  
  21  2:21  Drone  
  22  2:25  Drone  
  22  2:29  Zergling x2  
  24  2:33  Zergling x2  
  25  2:39  Drone  
  26  2:47  Roach  
  28  2:57  Overlord  
  28  3:00  Roach  
  30  3:08  Drone  
  30  3:10  Drone  
  32  3:14  Lair, Baneling  
  32  3:31  Drone  
  32  3:34  Drone  
  32  3:37  Drone  
  34  3:41  Drone  
  34  3:44  Drone  
  36  3:51  Overlord  
  36  3:57  Evolution Chamber  
  36  3:58  Drone  
  36  4:04  Evolution Chamber  
  36  4:05  Drone  
  36  4:09  Roach  
  38  4:13  Hydralisk Den  
  38  4:17  Drone  
  38  4:23  Roach  
  40  4:29  Overlord  
  40  4:42  Infestation Pit  
  40  4:43  Hydralisk  
  41  4:46  Drone  
  41  4:50  Drone  
  41  4:52  Drone  
  44  4:55  Drone  
  44  4:56  Hydralisk  
  44  4:57  Drone  
  48  5:00  Drone  
  48  5:03  Drone  
  50  5:07  Overlord  
  50  5:10  Hydralisk, Drone  
  50  5:13  Drone  
  54  5:15  Drone  
  54  5:17  Drone  
  54  5:19  Drone  
  57  5:21  Drone  
  57  5:26  Drone  
  59  5:28  Overlord  
  59  5:34  Zerg Melee Weapons Level 1  
  59  5:37  Drone  
  59  5:39  Drone  
  61  5:43  Infestor, Zerg Ground Armor Level 1  
  61  5:44  Drone  
  61  5:45  Drone  
  61  5:49  Drone  
  66  5:50  Drone  
  67  5:58  Extractor  
  67  5:59  Drone  
  67  6:01  Drone  
  68  6:06  Extractor  
  68  6:10  Drone  
  68  6:11  Overlord  
  68  6:16  Drone  
  69  6:20  Drone  
  69  6:22  Drone  
  69  6:23  Drone  
  69  6:24  Muscular Augments  
  72  6:29  Drone  
  73  6:33  Drone  
  73  6:35  Burrow  
  73  6:38  Roach  
  76  6:43  Overlord  
  76  6:51  Roach  
  76  6:53  Spore Crawler  
  76  6:54  Drone  
  78  6:57  Spore Crawler  
  78  6:58  Spore Crawler, Drone  
  78  6:59  Drone  
  78  7:01  Overlord  
  78  7:05  Roach  
  78  7:07  Spore Crawler, Drone  
  80  7:18  Roach  
  80  7:19  Queen, Overlord  
  80  7:21  Spine Crawler  
  83  7:25  Spine Crawler  
  83  7:26  Drone  
  83  7:28  Zerg Missile Weapons Level 1  
  83  7:31  Overseer, Hydralisk, Spine Crawler  
  83  7:32  Drone  
  83  7:36  Overseer, Spine Crawler  
  83  7:37  Drone  
  85  7:45  Hydralisk  
  85  7:46  Queen  
  89  7:57  Spire, Drone  
  89  7:58  Hydralisk  
  91  8:12  Infestor  
  93  8:26  Infestor  
  95  9:02  Hive, Overlord  
  95  9:09  Corruptor, Pneumatized Carapace  
  97  9:13  Hatchery  
  96  9:20  Overseer  
  95  9:48  Overlord  
  95  9:56  Corruptor  
  97  10:07  Corruptor  
  98  10:15  Greater Spire  
  98  10:19  Zerg Melee Weapons Level 2  
  98  10:25  Queen, Drone  
  98  10:26  Drone  
  98  10:28  Spore Crawler, Drone  
  102  10:29  Drone  
  102  10:30  Drone  
  102  10:32  Drone  
  102  10:34  Drone  
  102  10:35  Drone, Overlord  
  107  10:36  Spore Crawler, Extractor  
  107  10:41  Spore Crawler  
  107  10:42  Drone, Zerg Ground Armor Level 2  
  105  10:44  Extractor  
  105  10:45  Drone  
  105  10:58  Drone  
  105  11:00  Spine Crawler, Drone  
  105  11:02  Spine Crawler  
  105  11:03  Drone  
  106  11:07  Drone  
  106  11:09  Pathogen Glands, Drone  
  106  11:10  Drone  
  109  11:15  Glial Reconstitution  
  109  11:27  Zerg Flyer Weapons Level 1  
  109  11:28  Corruptor, Brood Lord  
  113  11:39  Brood Lord x2  
  117  11:43  Corruptor  
  119  11:49  Overlord  
  119  11:53  Corruptor  
  121  12:04  Ultralisk Cavern  
  121  12:07  Brood Lord  
  121  12:08  Corruptor  
  122  12:09  Hatchery  
  123  12:23  Spire  
  123  12:25  Drone  
  123  12:35  Zerg Missile Weapons Level 2  
  123  13:07  Roach, Overlord  
  123  13:10  Roach  
  129  13:13  Roach  
  129  13:15  Roach  
  129  13:18  Infestor  
  133  13:21  Infestor, Drone, Zerg Flyer Armor Level 1  
  133  13:22  Queen  
  133  13:23  Drone  
  133  13:24  Neural Parasite, Drone  
  140  13:47  Tunneling Claws  
  140  13:51  Zergling x2, Extractor  
  140  13:52  Drone  
  139  13:57  Roach  
  139  14:01  Roach  
  137  14:05  Spore Crawler  
  137  14:06  Drone  
  137  14:07  Extractor  
  137  14:08  Drone  
  137  14:22  Spore Crawler  
  137  14:23  Drone  
  133  14:48  Spine Crawler  
  133  14:49  Drone  
  133  14:51  Spine Crawler  
  133  14:52  Drone  
Tags
 
Add a new tag
Caveats
  • Supply blocks, unpowered buildings, or Contaminate may cause inaccurate times.
  • Supply counts are checked every 10 seconds.